AoeStats
← Talvi

Nomad

504968800Analyzed
4v4 RM · 25d ago on Sep 7, 2026· 39m 16s· 8 players
Game mode
Random Map
Map size
231×231
Population
200
Speed
Normal
Resources
Standard
Victory
Conquest
Starting age
Dark Age
Ending age
Imperial Age
RankedLock teamsTeams togetherTeam positionsShared explorationLock speedFull tech treeHidden civsTurbo modeCheats
Victory
Defeat
🇹🇷 Tatars · Türkiye
815
+14
🇳🇿 Celts · New Zealand
810
+14
🇩🇪 Italians · Germany
714
+19
🇹🇷 Dravidians · Türkiye
711
+18
🇹🇷 Britons · Türkiye
791
-43
🇺🇸 Byzantines · United States
771
-16
🇹🇼 Jurchens · Taiwan
764
-16
🇨🇦 Inca · Canada
754
-16
★秧★FISHY
6:08 Loom
19:48 Feudal Age
21:13 Wheelbarrow
20:28 Double-Bit Axe
20:27 Horse Collar
20:54 Gold Mining
20:58 Stone Mining
27:04 Castle Age
28:28 Hand Cart
Karma
14:26 Feudal Age
15:12 Double-Bit Axe
19:16 Fletching
22:13 Castle Age
21:03 Gold Mining
20:39 Man-at-Arms
21:23 Scale Mail Armor
24:38 Forging
25:43 Pikeman
29:19 Chain Mail Armor
忍者龜頭在痛
7:18 Loom
19:12 Feudal Age
30:47 Castle Age
The_Rocks£
15:29 Loom
21:29 Feudal Age
25:59 Town Watch
lav3rn3
5:24 Loom
26:48 Feudal Age
27:24 Man-at-Arms
27:50 Arson
28:04 Fishing Lines
29:34 Wheelbarrow
28:48 Horse Collar
33:15 Castle Age
32:27 Forging
32:18 Scale Mail Armor
33:49 Long Swordsman
34:15 Gambesons
38:52 Stronghold
TSİNTSADZE
15:52 Loom
22:02 Feudal Age
22:50 Double-Bit Axe
22:49 Horse Collar
30:17 Castle Age
28:17 Man-at-Arms
30:11 Forging
Godofsinner
3:24 Loom
13:45 Feudal Age
14:29 Fishing Lines
15:03 Double-Bit Axe
16:09 Wheelbarrow
16:37 Gold Mining
21:09 Castle Age
20:13 Bloodlines
21:04 Forging
21:00 Scale Barding Armor
22:20 Hand Cart
23:04 Husbandry
23:03 Gillnets
23:48 Bow Saw
25:23 Caravan
26:01 Gold Shaft Mining
28:23 Iron Casting
31:00 Chain Barding Armor
32:23 Stone Mining
34:56 Horse Collar
Talvi
4:43 Loom
15:38 Feudal Age
14:42 Loom
16:05 Double-Bit Axe
16:09 Arson
16:13 Town Watch
17:04 Wheelbarrow
16:21 Fishing Lines
17:47 Gold Mining
18:31 Man-at-Arms
19:37 Horse Collar
27:21 Castle Age
26:56 Bloodlines
28:25 Bow Saw
28:19 Heavy Plow
28:12 Stone Mining
30:01 Hand Cart
29:47 Town Patrol
29:53 Scale Mail Armor
30:04 Forging
29:46 Fletching
30:00 Caravan
30:06 Gillnets
31:28 Squires
30:49 Long Swordsman
31:32 Husbandry
33:40 Scale Barding Armor
34:11 Iron Casting
33:32 Bodkin Arrow
38:25 Fervor
39:29 Silk Road
38:47 Light Cavalry
40:09 Stone Shaft Mining
Connection lost

Rejoining the realm…

Still unreachable

The connection could not be restored.

Session expired

The server has moved on; the page needs a fresh start.